 Dungeon Crawl Stone Soup version 0.27.1-4-g1640c2035a (webtiles) character file.

Game seed: 13286372657735352549

62 Crownlay the Chopper (level 4, -1/58 HPs)
             Began as a Hill Orc Fighter on Nov 6, 2021.
             Succumbed to a water moccasin's poison
             ... on level 4 of the Dungeon.
             The game lasted 00:01:08 (1209 turns).

Crownlay the Chopper (Hill Orc Fighter)             Turns: 1209, Time: 00:01:08

Health: -1/58      AC:  6    Str: 19    XL:     4   Next: 8%
Magic:  4/4        EV:  9    Int:  8    God:
Gold:   77         SH:  0    Dex: 10    Spells: 3/3 levels left

rFire    . . .     SeeInvis .   a - +0 war axe
rCold    . . .     Faith    .   (no shield)
rNeg     . . .     Spirit   .   b - +0 scale mail
rPois    .         Reflect  .   (no helmet)
rElec    .         Harm     .   (no cloak)
rCorr    .         Rampage  .   (no gloves)
Will     .....                  (no boots)
Stlth    ..........             (no amulet)
HPRegen  0.19/turn              (no ring)
MPRegen  0.09/turn              (no ring)

@: berserking, lethally poisoned (-1 -> -12), very quick
A: no striking features
a: no special abilities


You were on level 4 of the Dungeon.
You visited 1 branch of the dungeon, and saw 3 of its levels.

You collected 77 gold pieces.

Inventory:

Hand Weapons
 a - a +0 war axe (weapon)
Armour
 b - a +0 scale mail (worn)
 c - a +0 kite shield
Scrolls
 f - 2 scrolls of teleportation {unknown}
 g - a scroll of fog {unknown}
 i - 2 scrolls of holy word {unknown}
 j - a scroll of summoning {unknown}
 m - a scroll of noise {unknown}
Potions
 d - a potion of might
 e - a potion of lignification {unknown}
 h - a potion of berserk rage
 k - a potion of magic {unknown}
 l - a potion of resistance {unknown}


   Skills:
 - Level 3.6 Fighting
 * Level 4.9 Axes
 - Level 3.2 Armour
 + Level 4.0 Shields


You had 3 spell levels left.
You didn't know any spells.
Your spell library was empty.

Dungeon Overview and Level Annotations

Branches:
Dungeon (2/15)

Altars:
Makhleb

Shops:
D:1 ?


Message History

You feel sick. The water moccasin bites you.
The water moccasin bites you but does no damage.
You hit the water moccasin but do no damage.
The water moccasin is lightly wounded.
You feel sick.
The water moccasin bites you but does no damage. x2
You closely miss the water moccasin.
The water moccasin is lightly wounded.
You feel sick.
The water moccasin bites you but does no damage. x2
You are too injured to fight recklessly!
You are too injured to fight recklessly!
You closely miss the water moccasin.
The water moccasin is lightly wounded.
You feel sick.
The water moccasin bites you but does no damage.
You slash the water moccasin!
The water moccasin is heavily wounded.
You feel sick.
You are no longer poisoned.
The water moccasin bites you.
* * * LOW HITPOINT WARNING * * *
The water moccasin bites you.
* * * LOW HITPOINT WARNING * * *
You are lethally poisoned!
The water moccasin poisons you!
It was a potion of berserk rage.
A red film seems to cover your vision as you go berserk!
You feel yourself moving faster!
You feel mighty!
* * * LOW HITPOINT WARNING * * *
You feel very sick.
The water moccasin bites you but does no damage.
You closely miss the water moccasin.
The water moccasin is heavily wounded.
* * * LOW HITPOINT WARNING * * *
You feel very sick.
The water moccasin bites you but does no damage.
You slash the water moccasin!
The water moccasin is almost dead.
You die...

##.##......#
...+......+
###.#......##
#.........#
.....#........#
.... #..##+##.#
... ##.# .. ..
#!##.# ( #@...#
#S##$# .w. #
###.. ... ....
.#... .$.###


You could see a water moccasin and a dart slug.

Vanquished Creatures
  A centaur skeleton (D:4)
  An adder (D:4)
  An orc (D:4)
  2 endoplasms
  4 goblins (D:1)
  3 hobgoblins
  A kobold (D:2)
  2 quokkas
  3 ball pythons
  4 rats
  A spectral hobgoblin (D:1)
23 creatures vanquished.

Notes
Turn   | Place    | Note
-------+----------+-------------------------------------------
     0 | D:1      | Crownlay the Hill Orc Fighter began the quest for the Orb.
     0 | D:1      | Reached XP level 1. HP: 19/19 MP: 1/1
    49 | D:1      | Found a faded altar of an unknown god.
   291 | D:1      | Reached XP level 2. HP: 26/26 MP: 2/2
   593 | D:1      | Found Yweotac's Magic Scroll Shop.
   969 | D:2      | Found a burning altar of Makhleb.
  1118 | D:2      | You fall into a shaft and drop 2 floors!
  1125 | D:4      | Reached XP level 3. HP: 28/31 MP: 3/3
  1126 | D:4      | Reached XP level 4. HP: 35/39 MP: 4/4
  1194 | D:4      | Noticed a water moccasin
  1208 | D:4      | HP: 1/58 [poisoned by a water moccasin]
  1209 | D:4      | Succumbed to a water moccasin's poison

Illustrated notes

Levels and vault maps discovered:
D:1:      dpeg_arrival_tiny_h, layout_basic,
          dreamdust_ecumenical_altar_drowned_temple, serial_shops,
          nicolae_lakefront_shop
D:2:      layout_loops_corners, basic_altar, uniq_natasha
D:4:      layout_basic

Skill      XL: |  1  2  3 |
---------------+----------+-----
Axes           | 3 4 |  4.9
Shields        | 4 |  4.0
Fighting       | |  3.6
Armour         | |  3.2

Action                   |  1- 3 |  4- 6 || total
-------------------------+-------+-------++-------
Melee: War axe           |    49 |    15 ||    64
  Use: Potion            |       |     1 ||     1
Armor: Scale mail        |    27 |    12 ||    39
Dodge: Dodged            |    24 |     4 ||    28
